 Dungeon Crawl Stone Soup version 0.32-a0-613-g40f424e (webtiles) character file.

Game seed: 15745218101684605143

793 Dorkslayer the Chopper (level 7, -1/53 HPs)
             Began as a Human Fighter on Mar 4, 2024.
             Slain by a kobold
             ... wielding a +0 short sword
              (2 damage)
             ... on level 5 of the Dungeon.
             The game lasted 00:12:02 (3494 turns).

Dorkslayer the Chopper (Human Fighter)              Turns: 3494, Time: 00:12:02

Health: -1/53      AC: 13    Str: 15 (18) XL:     7   Next: 88%
Magic:  7/7        EV:  4    Int:  8 (9)  God:
Gold:   224        SH:  4    Dex:  9 (12) Spells: 6/6 levels left

rFire   . . .        a - +0 war axe (chaos)
rCold   . . .        c - +0 buckler
rNeg    . . .        u - +0 plate armour
rPois   .            (no helmet)
rElec   .            (no cloak)
rCorr   .            (no gloves)
SInv    +            k - +0 pair of boots
Will    .....        (no amulet) Stlth
                     e - +4 ring of slaying
HPRegen 0.28/turn    s - ring of see invisible
MPRegen 0.10/turn

%: no passive effects
@: brilliant, slowed, invisible, very slow
A: explore regen
a: no special abilities


You were on level 5 of the Dungeon.
You visited 1 branch of the dungeon, and saw 5 of its levels.

You collected 224 gold pieces.

Inventory:

Hand Weapons
 a - a +0 war axe of chaos (weapon)
 g - a +0 war axe
 p - a +0 flail of holy wrath
Missiles
 n - 5 boomerangs (quivered)
Armour
 c - a +0 buckler (worn)
 k - a +0 pair of boots (worn)
 u - a +0 plate armour (worn)
Jewellery
 e - a +4 ring of slaying (left hand)
 s - a ring of see invisible (right hand)
Wands
 o - a wand of acid (6)
Scrolls
 b - 2 scrolls of revelation
 f - a scroll of fear
 l - a scroll of teleportation {unknown}
Potions
 d - a potion of might
 m - 2 potions of ambrosia
 q - a potion of enlightenment


   Skills:
 + Level 3.8 Fighting
 + Level 6.0 Axes
 + Level 0.2 Throwing
 + Level 4.3 Armour
 * Level 2.9 Dodging
 + Level 3.6 Shields
 * Level 2.4 Evocations


You had 6 spell levels left.
You didn't know any spells.
Your spell library contained the following spells:

 Spells                   Type           Power      Damage    Failure   Level
 Dazzling Flash           Conj/Hex       0%         N/A       100%        3
 Volatile Blastmotes      Fire/Tloc      0%         2d10      100%        3
 Starburst                Conj/Fire      0%         6d3       100%        6
 Maxwell's Capacitive Co  Air            0%         ∞         100%        8


Dungeon Overview and Level Annotations

Branches:
Dungeon (5/15)             Temple (0/1) D:5

Altars:
Xom


Innate Abilities, Weirdness & Mutations

You regain HP and MP as you explore.


Message History

* * * LOW HITPOINT WARNING * * *
The kobold hits you but does no damage.
The phantom hits you but does no damage.
It was a potion of brilliance.
You feel clever all of a sudden.
The kobold brigand hits you but does no damage.
The kobold hits you but does no damage. The phantom closely misses you.
The kobold hits you but does no damage.
It was a potion of invisibility.
You fade into invisibility!
The kobold brigand barely misses you.
The kobold hits you with a +0 short sword.
* * * LOW HITPOINT WARNING * * *
The phantom hits you but does no damage.
The kobold hits you but does no damage. The kobold brigand barely misses you.
The kobold hits you with a +0 short sword.
* * * LOW HITPOINT WARNING * * *
The phantom hits you but does no damage.
Unknown command.
It was a potion of degeneration.
There was something very wrong with that liquid.
You feel weakened.
You feel dopey.
You feel clumsy.
The kobold brigand hits you but does no damage.
You block the kobold's attack. The phantom barely misses you.
The kobold hits you but does no damage.
The kobold throws a poisoned dart.
The poisoned dart hits the phantom!
The kobold hits you but does no damage.
Unknown command.
Unknown command.
You strike the helpless phantom from behind!
You slash the phantom!
You destroy the phantom!
You hit the kobold brigand. You burn the kobold brigand.
You completely miss the kobold. You hit the kobold.
You kill the kobold!
You hit the kobold.
The kobold brigand hits you with a +0 club.
* * * LOW HITPOINT WARNING * * *
The kobold barely misses you.
The kobold hits you with a +0 short sword.
You die...

#.........##.# ##.....#
#............# ###(###
#............## #.#
#####..##..#..#####.#####
#......###.............#
## ####...####
#####...#####.. ..
#........# ##..K.###
#.....##..###K).### ...
#.<...###....@.K# . ###
#####...#####KK.#


KKK #..#.# #...###Kß.ß. #.##.## ##.....K.⌠.⌠ #.##..### #.####?ß.>. # #.###...#
#.# ⌠$⌠ #.###..## #.# . #.#...## #.. #.#.### ### You could see a kobold brigand
(unable to see you) and 4 kobolds.

Vanquished Creatures
  Grinder (D:4)
  An ice beast (D:5)
  3 phantoms
  A gnoll bouda (D:4)
  Jessica (D:3)
  2 iguanas (D:4)
  2 orc wizards (D:3)
  5 gnolls (D:4)
  9 adders
  A dart slug (D:3)
  A ribbon worm (D:3)
  15 orcs
  2 ball pythons (D:1)
  8 bats
  5 endoplasms
  A giant cockroach (D:2)
  5 goblins
  2 hobgoblins
  4 quokkas
  3 frilled lizards
  6 kobolds
  5 rats
83 creatures vanquished.

Vanquished Creatures (collateral kills)
  An orc (D:3)
1 creature vanquished.

Grand Total: 84 creatures vanquished

Notes
Turn   | Place    | Note
-------+----------+-------------------------------------------
     0 | D:1      | Dorkslayer the Human Fighter began the quest for the Orb.
     0 | D:1      | Reached XP level 1. HP: 18/18 MP: 1/1
   265 | D:1      | Reached XP level 2. HP: 23/24 MP: 2/2
   924 | D:2      | Reached skill level 1 in Dodging
   924 | D:2      | Reached XP level 3. HP: 29/29 MP: 3/3
  1233 | D:2      | Reached skill level 3 in Axes
  1444 | D:3      | Reached XP level 4. HP: 35/35 MP: 4/4
  1671 | D:3      | Reached XP level 5. HP: 34/41 MP: 5/5
  1690 | D:3      | Identified the +1 quarterstaff "Telut" {heavy, rElec rF+}
  1905 | D:3      | Noticed Jessica
  1911 | D:3      | Killed Jessica
  2005 | D:3      | Reached skill level 4 in Axes
  2434 | D:4      | Reached XP level 6. HP: 36/47 MP: 6/6
  2517 | D:4      | Noticed Grinder
  2561 | D:4      | Killed Grinder
  2562 | D:4      | Reached skill level 5 in Axes
  2562 | D:4      | Reached skill level 1 in Evocations
  2562 | D:4      | Reached XP level 7. HP: 33/53 MP: 7/7
  3161 | D:5      | Entered Level 5 of the Dungeon
  3254 | D:5      | Found a shimmering altar of Xom.
  3326 | D:5      | Reached skill level 6 in Axes
  3474 | D:5      | Found a staircase to the Ecumenical Temple.
  3492 | D:5      | HP: 1/53 [kobold/+0 short sword (3)]
  3494 | D:5      | Slain by a kobold

Illustrated notes

Levels and vault maps discovered:
D:1:      mrwooster_arrival_statue_3, layout_basic
D:2:      layout_rooms
D:3:      layout_basic, uniq_jessica
D:4:      layout_loops_ring, serial_rivers, chequers_serial_rivers_small_b,
          chequers_serial_rivers_small_b, chequers_serial_rivers_small_3,
          chequers_serial_rivers_small_a, minmay_misc_feat_plants,
          serial_library_hellmonk_statue_hall, serial_park_tiny_1, uniq_grinder
D:5:      layout_rooms, xom_teletrap_fun, minmay_temple_entry_statues_fountains

Skill      XL: |  1  2  3  4  5  6  7 |
---------------+----------------------+-----
Dodging        | 1 2 |  2.9
Axes           | 3 4 5 6 |  6.0
Armour         | 4 |  4.3
Evocations     | 1 2 |  2.4
Fighting       | |  3.8
Throwing       | |  0.2
Shields        | |  3.6

Action                     |  1- 3 |  4- 6 |  7- 9 || total
---------------------------+-------+-------+-------++-------
  Melee: War axe           |    92 |   110 |    57 ||   259
  Throw: Boomerang         |       |     2 |       ||     2
  Evoke: Wand              |       |     3 |       ||     3
    Use: Scroll            |     1 |     5 |     3 ||     9
         Potion            |       |     3 |     4 ||     7
   Stab: Invisible         |       |       |     1 ||     1
 Armour: Scale mail        |    35 |       |       ||    35
         Chain mail        |    72 |    93 |     6 ||   171
         Plate armour      |       |       |    67 ||    67
  Dodge: Dodged            |    41 |    42 |    15 ||    98
  Block: Buckler           |    29 |    28 |    13 ||    70

Table legend: (Time is in decaauts)
 A = Elapsed time spent in this place.
 B = Non-inter-level travel time spent in this place.
 C = Inter-level travel time spent in this place.
 D = Time resting spent in this place.
 E = Time spent auto-exploring this place.
 F = Levels seen in this place.
 G = Mean time per level.
                   A        B        C        D        E       F      G
               +--------+--------+--------+--------+--------+-----+--------+
         Total |   3603 |   3603 |      0 |      0 |   1993 |   5 |  720.6 |
       Dungeon |   3603 |   3603 |      0 |      0 |   1993 |   5 |  720.6 |
               +--------+--------+--------+--------+--------+-----+--------+

Top non-repeatable levels by time:
     D:3: 1011 daAuts
     D:1: 838 daAuts
     D:4: 777 daAuts
     D:2: 629 daAuts
     D:5: 347 daAuts
